 Dungeon Crawl Stone Soup version 0.24.1-14-gf8d2b509d9 (console) character file.

Game seed: 4991177017080857400, levelgen mode: deterministic

133 Kagalorn the Digger (level 5, -12/31 HPs)
             Began as an Octopode Earth Elementalist on July 23, 2020.
             Killed from afar by Ijyb (14 damage)
             ... with a bolt of acid
             ... on level 3 of the Dungeon.
             The game lasted 00:06:28 (2844 turns).

Kagalorn the Digger (Octopode Earth Elementalist)   Turns: 2844, Time: 00:06:29

Health: -12/31     AC: -3    Str:  7    XL:     5   Next: 16%
Magic:  2/8        EV:  9    Int: 18    God:
Gold:   121        SH:  0    Dex: 13    Spells: 6/9 levels left

rFire    . . .     SeeInvis .   a - +0 dagger (curse)
rCold    . . .     Gourm    .   (no shield)
rNeg     . . .     Faith    .   (helmet restricted)
rPois    +         Spirit   .   (no amulet)
rElec    .         Reflect  .   d - -5 ring of evasion (curse)
rCorr    .         Harm     .   h - ring of poison resistance
MR       .....                  (no ring)
Stlth    +++.......             (no ring)
HPRegen  0.10/turn              (no ring)
MPRegen  0.11/turn              (no ring)
                                (no ring)
                                (no ring)

@: corroded
A: almost no armour, stealthy swim, amphibious, 8 rings, constrict 8, camouflage
1, gelatinous body 1
a: no special abilities


You were on level 3 of the Dungeon.
You were not hungry.

You visited 1 branch of the dungeon, and saw 3 of its levels.

You collected 121 gold pieces.

Inventory:

Hand Weapons
 a - a cursed +0 dagger (weapon)
Missiles
 e - 39 poisoned darts (quivered)
 i - 34 stones
Jewellery
 d - a cursed -5 ring of evasion (left tentacle)
 h - a ring of poison resistance (right tentacle)
Scrolls
 b - 3 scrolls of identify
 j - a scroll of enchant weapon
Potions
 f - 2 potions of heal wounds
 g - 4 potions of curing
 k - a potion of flight {unknown}
 l - 2 potions of ambrosia {unknown}
Comestibles
 c - 7 rations
 m - a chunk of flesh


   Skills:
 + Level 2.7 Dodging
 + Level 3.9 Stealth
 + Level 2.6 Spellcasting
 * Level 1.9 Transmutations
 * Level 4.1 Earth Magic


You had 6 spell levels left.
You knew the following spells:

 Your Spells              Type           Power        Failure   Level  Hunger
a - Sandblast             Erth           ###...       3%          1    #......
g - Passwall              Tmut/Erth      ##......     8%          2    ##.....

Your spell library contained the following spells:

 Spells                   Type           Power        Failure   Level  Hunger
 Stone Arrow              Conj/Erth      #.....       22%         3    ###....
 Petrify                  Tmut/Erth      ##......     43%         4    #####..
 Lee's Rapid Deconstruct  Erth           ###.......   65%         5    ######.


Dungeon Overview and Level Annotations

Branches:
Dungeon (3/15)

Altars:
Vehumet

Annotations:
D:3 Ijyb


Innate Abilities, Weirdness & Mutations

You cannot wear most types of armour.
You are very stealthy in the water. (Stealth+)
You are amphibious.
You can wear up to eight rings at the same time.
You can use your tentacles to constrict eight enemies at once.
Your skin changes colour to match your surroundings (Stealth+).
Your rubbery body absorbs attacks. (AC +1, EV +1)


Message History

Casting: Sandblast (safe; 3% risk of failure)
Confirm with . or Enter, or press ? or * to list all spells.
Aiming: Sandblast (safe; 3% risk of failure)
Press: ? - help, Shift-Dir - straight line, f/p - Ijyb
Aim: Ijyb, wearing a +0 chain mail and carrying a wand of acid (3) (heavily wounded, constricted by you, unusually resistant)
The blast of sand hits Ijyb.
Ijyb is severely wounded.
i - 35 stones You constrict Ijyb, but do no damage.
Ijyb closely misses you.
Casting: Sandblast (safe; 3% risk of failure)
Confirm with . or Enter, or press ? or * to list all spells.
Aiming: Sandblast (safe; 3% risk of failure)
Press: ? - help, Shift-Dir - straight line, f/p - Ijyb
Aim: Ijyb, wearing a +0 chain mail and carrying a wand of acid (3) (severely wounded, constricted by you, unusually resistant)
The blast of sand hits Ijyb but does no damage.
Ijyb is severely wounded.
i - 34 stones You constrict Ijyb, but do no damage.
Ijyb zaps a wand.
The bolt of acid hits you!
You die...

#############
#...........#
#.#########.# #.# #.#
#######.#### #.#
...........######.###
#######..............
#..g@....#.######.###
#...>..##.##.# #.#
#.........# # #.#
........(### #.#
##........ #.#
##....!### #.#
##....# #.# #..#.#
#####.# #..#.###
#.....###


You could see Ijyb.

Vanquished Creatures
  Jessica (D:3)
  Terence (D:2)
  An adder (D:2)
  An ooze (D:2)
  2 worms
  2 dart slugs
  2 leopard geckos (D:1)
  An orc (D:3)
  10 bats
  3 giant cockroaches
  11 goblins
  6 hobgoblins
  2 jackals (D:1)
  5 kobolds
  2 frilled lizards
  A rat (D:2)
51 creatures vanquished.

Notes
Turn   | Place    | Note
-------+----------+-------------------------------------------
     0 | D:1      | Kagalorn the Octopode Earth Elementalist began the quest
                  | for the Orb.
     0 | D:1      | Reached XP level 1. HP: 11/11 MP: 3/3
   500 | D:1      | Reached XP level 2. HP: 17/17 MP: 3/5
   822 | D:1      | Reached XP level 3. HP: 18/21 MP: 2/6
  1438 | D:2      | Noticed Terence
  1478 | D:2      | Learned a level 2 spell: Passwall
  1515 | D:2      | Killed Terence
  1515 | D:2      | Reached XP level 4. HP: 8/27 MP: 3/7
  2527 | D:3      | Found a radiant altar of Vehumet.
  2551 | D:3      | Noticed Jessica
  2572 | D:3      | Killed Jessica
  2572 | D:3      | Reached skill level 4 in Earth Magic
  2572 | D:3      | Reached XP level 5. HP: 26/31 MP: 3/8
  2834 | D:3      | Noticed Ijyb
  2842 | D:3      | HP: 1/31 [Ijyb (2)]
  2844 | D:3      | Killed from afar by Ijyb

Levels and vault maps discovered:
D:1:      elethiomel_arrival_quiet, layout_basic
D:2:      layout_loops_ring, serial_co_window_serial, co_window_corner_a,
          co_window_paths_a, co_window_paths_a, co_window_of_opportunity_a,
          co_window_paths_b, co_window_2corner, co_window_corner_cb,
          co_window_corner_b, co_window_broadway_b, co_window_paths_e,
          glass_columns_c, glass_columns_b, uniq_terence
D:3:      layout_loops_ring, fiery_altar_vehumet,
          nicolae_overflow_hidden_temple, first_ration, minmay_bisected,
          uniq_ijyb, uniq_jessica

Skill      XL: |  1  2  3  4 |
---------------+-------------+-----
Stealth        | 3 |  3.9
Earth Magic    | 4 |  4.1
Dodging        | |  2.7
Spellcasting   | |  2.6
Transmutations | |  1.9

Action                   |  1- 3 |  4- 6 || total
-------------------------+-------+-------++-------
Melee: Unarmed           |    12 |       ||    12
       Constrict         |    10 |    11 ||    21
       Tentacles         |     5 |     6 ||    11
       Dagger            |    29 |    44 ||    73
Throw: Dart              |     8 |       ||     8
 Cast: Sandblast         |    32 |    12 ||    44
  Use: Scroll            |     2 |     2 ||     4
 Stab: Sleeping          |     6 |    10 ||    16
  Eat: Chunk             |     2 |     4 ||     6
Armor: Skin              |    22 |     3 ||    25
Dodge: Dodged            |    34 |    21 ||    55
